 Dungeon Crawl Stone Soup version 0.30-a0-509-gd016549fea (webtiles) character file.

Game seed: 6473063360605767515

2652 Crownlay the Conjurer (level 9, -3/68 HPs)
             Began as a Demonspawn Chaos Knight on Dec 22, 2022.
             Was an Initiate of Gozag.
             Slain by a large abomination (15 damage)
             ... on level 1 of the Abyss.
             The game lasted 00:39:28 (8325 turns).

Crownlay the Conjurer (Demonspawn Chaos Knight)     Turns: 8325, Time: 00:39:29

Health: -3/68      AC: 11    Str: 14    XL:     9   Next: 36%
Magic:  2/17       EV: 12    Int: 15    God:    Gozag
Gold:   714        SH:  0    Dex: 16    Spells: 8/19 levels left

rFire   + . .      SeeInvis +    t - +1 trident (protect)
rCold   + . .      Faith    .    (no shield)
rNeg    . . .      Spirit   .    G - +2 steam dragon scales
rPois   .          Reflect  .    (helmet restricted)
rElec   .          Harm     .    o - scarf {rC+ rF+}
rCorr   .          Rampage  .    (no gloves)
Will    .....                    h - +0 pair of boots
Stlth   +.........               (no amulet)
HPRegen 0.31/turn                p - ring of flight
MPRegen 0.15/turn                x - ring of see invisible

@: flying
A: hooves 2, thin metallic scales 1, spiny 1, demonic magic 3, horns 1, agile 1,
shaggy fur 1, wild magic 1, MP-powered wands
a: Renounce Religion, Potion Petition, Call Merchant, Bribe Branch


You were on level 1 of the Abyss.
You worshipped Gozag.
Gozag was pleased with you.
You visited 2 branches of the dungeon, and saw 8 of its levels.
You visited the Abyss 1 time.
You also visited: Ossuary.

You collected 790 gold pieces.
You paid 76 gold pieces to Gozag.

Inventory:

Hand Weapons
 t - a +1 trident of protection (weapon)
Armour
 h - a +0 pair of boots (worn)
 o - a scarf of resistance (worn)
 G - +2 steam dragon scales (worn)
Jewellery
 e - a ring of fire
 g - a ring of ice
 p - a ring of flight (left hand)
 x - a ring of see invisible (right hand)
Wands
 F - a wand of roots (7)
Scrolls
 a - a scroll of fear
 b - 2 scrolls of magic mapping
 d - a scroll of identify
 f - a scroll of amnesia
 j - a scroll of acquirement {unknown}
 s - a scroll of vulnerability {unknown}
 u - 5 scrolls of teleportation
 v - 3 scrolls of enchant weapon
 w - 2 scrolls of blinking
 y - a scroll of poison {unknown}
Potions
 i - 2 potions of ambrosia
 k - a potion of berserk rage {unknown}
 l - a potion of might {unknown}
 m - 4 potions of curing
 n - a potion of degeneration {unknown}
 r - 4 potions of mutation
 z - a potion of cancellation {unknown}
 A - a potion of magic {unknown}
 B - 2 potions of brilliance
 C - a potion of flight {unknown}
 D - a potion of haste
 E - a potion of heal wounds {unknown}
Miscellaneous
 c - a piece from Xom's chessboard (15/15)


   Skills:
 - Level 5.0 Fighting
 - Level 3.1 Axes
 - Level 2.4 Armour
 - Level 1.7 Dodging
 + Level 5.6 Spellcasting
 - Level 6.0 Conjurations
 * Level 5.9 Necromancy
 + Level 4.6 Translocations


You had 8 spell levels left.
You knew the following spells:

 Your Spells              Type           Power      Damage    Failure   Level
a - Magic Dart            Conj           100%       1d8       2%          1
b - Searing Ray           Conj           56%        2d6       3%          2
c - Manifold Assault      Tloc           23%        N/A       30%         4
d - Dispel Undead         Necr           28%        3d13      19%         4

Your spell library contained the following spells:

 Spells                   Type           Power      Damage    Failure   Level
 Kiss of Death            Conj/Necr      100%       2d13      2%          1
 Portal Projectile        Hex/Tloc       28%        N/A       24%         3
 Vhi's Electric Charge    Tloc/Air       28%        N/A       24%         3
 Fulminant Prism          Conj/Hex       8%         3d6       50%         4
 Call Canine Familiar     Summ           5%         N/A       52%         3
 Confusing Touch          Hex            5%         N/A       52%         3
 Inner Flame              Hex/Fire       5%         N/A       52%         3
 Arcjolt                  Conj/Air       8%         1d18      83%         5
 Cause Fear               Hex            2%         N/A       88%         4
 Leda's Liquefaction      Hex/Erth       2%         N/A       88%         4
 Dispersal                Tloc           11%        N/A       99%         6
 Borgnjor's Revivificati  Necr           14%        N/A       100%        8
 Discord                  Hex            2%         N/A       100%        8
 Disjunction              Tloc           11%        N/A       100%        8
 Maxwell's Capacitive Co  Air            2%         ∞         100%        8
 Necromutation            Tmut/Necr      8%         N/A       100%        8
 Death's Door             Necr           14%        N/A       100%        9


Dungeon Overview and Level Annotations

Branches:
Dungeon (7/15)             Temple (1/1) D:4         Ossuary (visited)

Altars:
Cheibriados
Gozag
Hepliaklqana
Kikubaaqudgha
Nemelex Xobeh
Okawaru
Ru
Sif Muna
Trog
Vehumet
Wu Jian
Xom

Annotations:
D:5 Pikel


Innate Abilities, Weirdness & Mutations

You have hoof-like feet.
You are partially covered in thin metallic scales. (AC +2)
You are partially covered in sharp spines.
Spells you cast and wands you use may paralyse nearby enemies.
You have a pair of small horns on your head.
You are agile. (Dex +4, Str/Int -1)
You are covered in fur. (AC +1)
Your spells are a little harder to cast, but a little more powerful.
You expend magic power (3 MP) to strengthen your wands.


Message History

(Press . to maintain the ray.) Malevolent energies surge around you.
The large abomination hits you!
The searing ray hits the large abomination but does no damage.
The large abomination is moderately damaged.
The searing ray hits the large abomination.
The large abomination is moderately damaged.
The large abomination completely misses you.
The searing ray hits the large abomination.
The large abomination is moderately damaged.
You finish channelling your searing ray.
The large abomination hits you!
* * * LOW HITPOINT WARNING * * *
Okay, then.
Blink to where?
Press: ? - help, Dir - move target, f - you, p - large abomination
Okay, then.
Okay, then.
Press: ? - help, v - describe, . - travel
Here: a large abomination (moderately damaged)
The floor.
Casting: Searing Ray (safe; 3% risk of failure)
Confirm with . or Enter, or press ? or * to list all spells.
Aiming: Searing Ray (safe; 3% risk of failure)
Press: ? - help, Shift-Dir - straight line, f/p - large abomination
Aim: a large abomination (moderately damaged, 90% to hit)
The searing ray hits the large abomination but does no damage.
The large abomination is moderately damaged. (Press . to maintain the ray.) Malevolent energies surge around you.
The large abomination closely misses you.
The searing ray hits the large abomination.
The large abomination is heavily damaged.
The large abomination hits you.
* * * LOW HITPOINT WARNING * * *
The searing ray hits the large abomination.
The large abomination is heavily damaged.
The large abomination is struck by your spines.
The large abomination hits you!
You die...
Your body crumbles into a pile of gold.

.. # .. .
.#.. ##.
.. . . #
..# # #.
..#.#..##
. #. .
#.... #
...
#......
## ..#
#.#X##
#.@##
####


You could see a large abomination.

Vanquished Creatures
  Maggie (D:7)
  Grinder (D:6)
  2 water moccasins
  Duvessa (D:6)
  An orc warrior (D:7)
  A black bear (D:4)
  3 ogres
  3 phantoms
  A kobold brigand (D:7)
  A lemure (D:5)
  3 scorpions
  Dowan (D:6)
  3 killer bees (D:7)
  5 centaur zombies (Ossuary)
  A human zombie (Ossuary)
  A hound (D:4)
  A jelly (D:5)
  2 orc priests (D:7)
  2 iguanas
  2 orc wizards (D:7)
  7 mummies (Ossuary)
  4 gnolls
  7 adders
  A shadow imp (D:5)
  2 white imps
  3 adder zombies (Ossuary)
  A worm (D:2)
  6 dart slugs
  11 orcs
  13 endoplasms
  10 giant cockroaches
  8 goblins
  7 hobgoblins
  9 jackals
  A quokka (D:1)
  4 ball pythons
  7 bats
  5 frilled lizards
  A goblin zombie (Ossuary)
  2 hobgoblin zombies (Ossuary)
  15 kobolds
  4 kobold zombies (Ossuary)
  8 quokka zombies (Ossuary)
  7 rats
  6 rat zombies (Ossuary)
185 creatures vanquished.

Vanquished Creatures (others)
  A kobold (D:4)
  A ball python (D:4)
2 creatures vanquished.

Grand Total: 187 creatures vanquished

Notes
Turn   | Place    | Note
-------+----------+-------------------------------------------
     0 | D:1      | Crownlay the Demonspawn Chaos Knight began the quest for
                  | the Orb.
     0 | D:1      | Reached XP level 1. HP: 18/18 MP: 1/1
   214 | D:1      | Gained mutation: You have large cloven feet. [demonic
                  | ancestry]
   214 | D:1      | Reached XP level 2. HP: 21/24 MP: 2/2
   288 | D:1      | XOM: divination: magic mapping
   325 | D:1      | XOM: silly message
   340 | D:1      | XOM: silly message
   662 | D:1      | Gained mutation: Spells you cast may paralyse adjacent
                  | enemies. [demonic ancestry]
   662 | D:1      | Reached XP level 3. HP: 19/30 MP: 3/3
  1004 | D:2      | Reached skill level 1 in Dodging
  1015 | D:2      | XOM: 2-stop teleportation journey
  1225 | D:2      | Gained mutation: Spells you cast may paralyse nearby
                  | enemies. [demonic ancestry]
  1225 | D:2      | Reached XP level 4. HP: 30/37 MP: 4/4
  1416 | D:2      | XOM: cloud trail
  1442 | D:2      | XOM: smoke on damage
  1471 | D:2      | XOM: smoke on damage
  1980 | D:3      | Learned a level 2 spell: Searing Ray
  2031 | D:3      | Gained mutation: You are partially covered in thin metallic
                  | scales. (AC +2) [demonic ancestry]
  2031 | D:3      | Reached XP level 5. HP: 40/43 MP: 6/6
  2109 | D:3      | Reached skill level 1 in Spellcasting
  2310 | D:3      | XOM: 1-stop teleportation journey
  2561 | D:4      | XOM: noise
  2568 | D:4      | XOM: scenery: create altars
  2617 | D:4      | Reached skill level 1 in Conjurations
  2624 | D:4      | Found a sand-covered staircase.
  2634 | Ossuary  | Entered an ossuary
  2835 | Ossuary  | Reached skill level 2 in Conjurations
  2835 | Ossuary  | Reached XP level 6. HP: 48/50 MP: 8/8
  2884 | Ossuary  | Reached skill level 5 in Fighting
  3044 | Ossuary  | XOM: fake destruction
  3092 | Ossuary  | Learned a level 4 spell: Manifold Assault
  3116 | Ossuary  | XOM: chaos cloud
  3336 | Ossuary  | Reached skill level 3 in Conjurations
  3421 | Ossuary  | HP: 1/76 [mummy (9)]
  3437 | Ossuary  | XOM: give mutations
  3437 | Ossuary  | Gained mutation: You expend magic power (3 MP) to
                  | strengthen your wands. [Xom's grace]
  3437 | Ossuary  | Gained mutation: You have hidden genetic potential. [Xom's
                  | grace]
  3437 | Ossuary  | Gained mutation: Your spells are a little harder to cast,
                  | but a little more powerful. [Xom's grace]
  3797 | Ossuary  | XOM: fog
  3816 | Ossuary  | XOM: give mutations
  3816 | Ossuary  | Gained mutation: You are covered in fur. (AC +1) [Xom's
                  | grace]
  3816 | Ossuary  | Gained mutation: You have a pair of small horns on your
                  | head. [Xom's grace]
  3822 | Ossuary  | Reached skill level 1 in Translocations
  3833 | Ossuary  | XOM: divination: magic mapping
  4012 | Ossuary  | Learned a level 1 spell: Magic Dart
  4047 | D:4      | XOM: cast spell 'Olgreb's Toxic Radiance'
  4055 | D:4      | XOM: cast spell 'Summon Mana Viper'
  4056 | D:4      | XOM: potion effect (berserk rage)
  4064 | D:4      | Gained mutation: Spells you cast and wands you use may
                  | paralyse nearby enemies. [demonic ancestry]
  4064 | D:4      | Reached XP level 7. HP: 56/56 MP: 9/11
  4228 | D:4      | XOM: polymorph ogre -> black bear
  4241 | D:4      | Reached skill level 4 in Conjurations
  4249 | D:4      | Gained mutation: Your spells are harder to cast, but more
                  | powerful. [hidden potential]
  4342 | D:4      | XOM: summons 2 hostile shadow creatures
  4670 | D:4      | Found a staircase to the Ecumenical Temple.
  4679 | Temple   | Entered the Ecumenical Temple
  4859 | Temple   | Fell from the grace of Xom
  4859 | Temple   | Became a worshipper of Gozag Ym Sagoz the Greedy
  5094 | D:5      | Entered Level 5 of the Dungeon
  5305 | D:5      | Reached skill level 1 in Necromancy
  5463 | D:5      | Reached skill level 5 in Conjurations
  5629 | D:5      | Gained mutation: You are partially covered in sharp spines.
                  | [demonic ancestry]
  5629 | D:5      | Reached XP level 8. HP: 62/62 MP: 4/13
  5720 | D:5      | Lost mutation: Your spells are harder to cast, but more
                  | powerful. [potion of mutation]
  5720 | D:5      | Lost mutation: You have hidden genetic potential. [potion
                  | of mutation]
  6330 | D:5      | Noticed Pikel
  6398 | D:6      | Noticed Grinder
  6406 | D:6      | Paralysed by Grinder for 4 turns
  6413 | D:6      | Killed Grinder
  6577 | D:6      | Noticed Dowan
  6578 | D:6      | Noticed Duvessa
  6591 | D:6      | Killed Duvessa
  6594 | D:6      | Killed Dowan
  6717 | D:6      | XOM: summons 1 hostile shadow creature
  6757 | D:6      | Reached skill level 5 in Spellcasting
  6757 | D:6      | Reached skill level 6 in Conjurations
  7074 | D:6      | Found a sparkling altar of Nemelex Xobeh.
  7271 | D:6      | Found an iron altar of Okawaru.
  7324 | D:6      | Found a hazy altar of Hepliaklqana.
  7404 | D:7      | Noticed Maggie
  7424 | D:7      | Killed Maggie
  7425 | D:7      | Gained mutation: You have hoof-like feet. [demonic
                  | ancestry]
  7425 | D:7      | Reached XP level 9. HP: 24/68 MP: 2/16
  7751 | D:7      | Reached skill level 5 in Necromancy
  7853 | D:7      | XOM: 2-stop teleportation journey
  8078 | D:7      | XOM: give mutation
  8078 | D:7      | Gained mutation: You are agile. (Dex +4, Str/Int -1) [Xom's
                  | grace]
  8216 | D:7      | Learned a level 4 spell: Dispel Undead
  8266 | Abyss:1  | Cast into level 1 of the Abyss (Xom)
  8325 | Abyss:1  | Slain by a large abomination

Illustrated notes

Levels and vault maps discovered:
D:1:      minmay_arrival_glassed_features, layout_basic
D:2:      minmay_roachtagon, layout_loops_ring, hangedman_decor_growths,
          kennysheep_generic_room_5
D:3:      layout_loops_ring
D:4:      layout_cave_pools, good_gods_mini_temple, lemuel_temple_firewalk_b,
          lightli_ossuary_entry_decrepit_ruins, amcnicky_mini_corridor_feature,
          minmay_liquid_box, eino_curves_04
D:5:      layout_rooms, kennysheep_generic_room_13, uniq_pikel
D:6:      layout_basic, mainiacjoe_overflow_surrounded_room, kennysheep_mini,
          mainiacjoe_overflow_six_doors_small, minivault_26, uniq_duvessa,
          uniq_grinder
D:7:      layout_cave_pods, minmay_misc_feat_pillars, uniq_maggie
Temple:   nicolae_temple_bog_church
Abyss:1:  base: D:6, abyss_furniture_001

Skill      XL: |  1  2  3  4  5  6  7  8  9 |
---------------+----------------------------+-----
Armour         | 2 |  2.4
Axes           | 3 |  3.1
Fighting       | 4 5 |  5.0
Dodging        | 1 |  1.7
Spellcasting   | 1 2 3 5 |  5.6
Conjurations   | 2 3 5 6 |  6.0
Translocations | 1 2 4 |  4.6
Necromancy     | 2 4 5 |  5.9

Action                   |  1- 3 |  4- 6 |  7- 9 || total
-------------------------+-------+-------+-------++-------
Melee: Hand axe          |    45 |   323 |    13 ||   381
       Mace              |   109 |    33 |       ||   142
       Kick              |     1 |       |       ||     1
       Punch             |     1 |     4 |       ||     5
       Headbutt          |       |     4 |    11 ||    15
       Trident           |       |       |    36 ||    36
 Cast: Searing Ray       |       |     5 |    40 ||    45
       Magic Dart        |       |       |    56 ||    56
Evoke: Piece from Xom's  |     1 |     7 |       ||     8
  Use: Scroll            |     3 |     7 |     5 ||    15
       Potion            |       |     3 |     3 ||     6
 Stab: Paralysed         |       |       |     7 ||     7
Armor: Leather armour    |    44 |       |       ||    44
       Chain mail        |    28 |   246 |       ||   274
       Robe              |       |    15 |    13 ||    28
       Skin              |       |     6 |       ||     6
       Steam dragon scal |       |       |     6 ||     6
Dodge: Dodged            |   131 |   132 |    56 ||   319

Table legend: (Time is in decaauts)
 A = Elapsed time spent in this place.
 B = Non-inter-level travel time spent in this place.
 C = Inter-level travel time spent in this place.
 D = Time resting spent in this place.
 E = Time spent auto-exploring this place.
 F = Levels seen in this place.
 G = Mean time per level.
                   A        B        C        D        E       F      G
               +--------+--------+--------+--------+--------+-----+--------+
         Total |   8415 |   8214 |    201 |    722 |   5620 |  10 |  841.5 |
       Dungeon |   6727 |   6563 |    164 |    239 |   5071 |   7 |  961.0 |
        Temple |    195 |    158 |     37 |      0 |    113 |   1 |  195.0 |
         Abyss |     60 |     60 |      0 |      0 |      0 |   1 |   60.0 |
       Ossuary |   1432 |   1432 |      0 |    483 |    436 |   1 | 1432.0 |
               +--------+--------+--------+--------+--------+-----+--------+

Top non-repeatable levels by time:
 Ossuary: 1432 daAuts
     D:5: 1238 daAuts
     D:1: 1016 daAuts
     D:6: 1008 daAuts
     D:2: 986 daAuts
     D:4: 934 daAuts
     D:7: 910 daAuts
     D:3: 632 daAuts
  Temple: 195 daAuts
 Abyss:1: 60 daAuts
